AoeStats
← Proverbial Monkey

Hideout

508759152Analyzed
1v1 RM · 8d ago on Sep 23, 2026· 29m 41s· 2 players
Game mode
Random Map
Map size
Tiny (2 player)
Population
200
Speed
Normal
Resources
Standard
Victory
Conquest
Starting age
Dark Age
Ending age
Imperial Age
RankedLock teamsTeams togetherTeam positionsShared explorationLock speedFull tech treeHidden civsTurbo modeCheats
Victory
Defeat
🇲🇽 Danes · Mexico
1095
+15
🇺🇸 Hindustanis · United States
1076
-15
Elons Musk2072
10:57 Feudal Age
15:07 Castle Age
13:36 Stone Mining
15:38 Double-Bit Axe
25:13 Horse Collar
32:29 Imperial Age
Proverbial Monkey
6:40 Loom
9:23 Feudal Age
11:16 Arson
11:48 Man-at-Arms
12:45 Double-Bit Axe
15:25 Horse Collar
20:53 Castle Age
21:19 Wheelbarrow
21:39 Squires
21:25 Gambesons
23:43 Gold Mining
25:05 Bow Saw
25:32 Scale Mail Armor
25:48 Forging
27:37 Chain Mail Armor
Connection lost

Rejoining the realm…

Still unreachable

The connection could not be restored.

Session expired

The server has moved on; the page needs a fresh start.